cohdb
Replays
Latest Replays
All Replays
Popular Replays
Top Player Replays
Match Explorer
How It Works
Community
CoH3 Stats
Reddit
Sign in to upload your games and track your stats! →
Sign in with Steam
Match 42516023
Unlisted
Match 42516023
Overview
Messages
Build Orders
End
Kradschützen Motorcycle Team
Panzergrenadier Squad
Panzerpioneer Squad
Panzergrenadier Squad
Construct Light Support Kompanie
Construct Mechanized Kompanie
Panzerjäger Mechanized Group
8 Rad Armored Car
2.5-tonne Medical Truck
8 Rad Armored Car
Panzergrenadier Squad
Panzerjäger Squad
Construct Panzerarmee Kommand
Selects Panzerjäger Kommand Battlegroup
Selects Tank Busters
Selects Mine Fields
Selects Defensive Positions
Selects Butterfly Bomb Drop
Veteran Squad Leaders
Panzergrenadier Squad
Walking Stuka Rocket Launcher
Butterfly Bomb Drop
Grand.G
Mr.Struggel
0
0
Comments
sign in to comment!
No comments posted yet!